 Dungeon Crawl Stone Soup version 0.28.0-43-g3370ac3207 (webtiles) character file.

Game seed: 4578130329386884681

5621 Descartes the Destroyer (level 10, -14/50 HPs)
             Began as a Deep Elf Fire Elementalist on Feb 28, 2022.
             Was an Initiate of Gozag.
             Demolished by an orc warrior
             ... wielding a +3 glaive
              (30 damage)
             ... in a bailey.
             The game lasted 00:33:24 (13221 turns).

Descartes the Destroyer (DEFE)                     Turns: 13221, Time: 00:33:26

Health: -14/50     AC:  5    Str:  7    XL:     10   Next: 45%
Magic:  11/24      EV: 18    Int: 26    God:    Gozag
Gold:   849        SH:  0    Dex: 21    Spells: 4/26 levels left

rFire   + . .      SeeInvis .   C - +1 spear (venom)
rCold   . . .      Faith    .   (no shield)
rNeg    . . .      Spirit   .   G - +1 robe {rF+}
rPois   .          Reflect  .   p - +0 hat {Int+3}
rElec   .          Harm     .   M - +0 cloak {Will+}
rCorr   .          Rampage  .   (no gloves)
Will    +++..                   m - +0 pair of boots
Stlth   ++........              (no amulet)
HPRegen 0.16/turn               l - ring of willpower
MPRegen 0.19/turn               D - +6 ring of dexterity

@: brilliant, gold aura, hasted, very quick
A: no striking features
a: Renounce Religion, Potion Petition, Call Merchant, Bribe Branch


You were in a bailey.
You worshipped Gozag.
Gozag was pleased with you.
You visited 2 branches of the dungeon, and saw 10 of its levels.
You also visited: Bailey.

You collected 1252 gold pieces.
You paid 403 gold pieces to Gozag.

Inventory:

Hand Weapons
 e - a +2 mace of protection
 s - a +1 vorpal mace
 C - a +1 spear of venom (weapon)
 L - a +2 dagger of speed
Missiles
 h - 204 stones
 k - 2 curare-tipped darts
 u - 6 javelins
 x - 6 boomerangs of dispersal
 E - 4 boomerangs
 H - 4 atropa-tipped darts
Armour
 d - a +0 buckler
 m - a +0 pair of boots (worn)
 p - a +0 hat of intelligence (worn)
 G - a +1 robe of fire resistance (worn)
 M - a +0 cloak of willpower (worn)
Jewellery
 a - a ring of protection from cold
 l - a ring of willpower (left hand)
 D - a +6 ring of dexterity (right hand)
Wands
 f - a wand of flame (34)
 t - a wand of digging (2)
Scrolls
 b - 2 scrolls of immolation
 c - 3 scrolls of fear
 i - 4 scrolls of teleportation
 v - a scroll of enchant weapon
 y - a scroll of fog
 A - 2 scrolls of vulnerability
 F - a scroll of noise {unknown}
 K - a scroll of enchant armour
Potions
 g - a potion of invisibility {unknown}
 j - 3 potions of mutation {unknown}
 n - a potion of might
 o - a potion of berserk rage {unknown}
 q - a potion of cancellation {unknown}
 w - 3 potions of curing {unknown}
 z - 5 potions of heal wounds
 B - 2 potions of degeneration {unknown}
 I - a potion of ambrosia {unknown}
 J - a potion of resistance
 N - a potion of experience {unknown}
 O - 2 potions of brilliance {unknown}


   Skills:
 + Level 7.9 Dodging
 - Level 2.4 Stealth
 + Level 0.9 Shields
 + Level 8.6 Spellcasting
 * Level 9.9 Conjurations
 - Level 3.2 Hexes
 + Level 7.5 Fire Magic
 + Level 6.6 Earth Magic
 + Level 1.1 Evocations


You had 4 spell levels left.
You knew the following spells:

 Your Spells              Type           Power      Damage    Failure   Level
a - Foxfire               Conj/Fire      100%       2x1d9     1%          1
b - Scorch                Fire           100%       2d10      1%          2
c - Sticky Flame          Conj/Fire      71%        2d8       1%          4
d - Flame Wave            Conj/Fire      71%        2d13      1%          4
e - Stone Arrow           Conj/Erth      100%       3d13      1%          3
f - Lehudib's Crystal Sp  Conj/Erth      34%        10d9      100%        8

Your spell library contained the following spells:

 Spells                   Type           Power      Damage    Failure   Level
 Static Discharge         Conj/Air       53%        N/A       1%          2
 Conjure Flame            Conj/Fire      71%        6-21      1%          3
 Inner Flame              Hex/Fire       56%        N/A       1%          3
 Beastly Appendage        Tmut           32%        N/A       5%          1
 Corpse Rot               Necr/Air       32%        N/A       9%          2
 Poisonous Vapours        Pois/Air       32%        N/A       9%          2
 Wereblood                Tmut           16%        N/A       9%          2
 Animate Armour           Summ/Erth      84%        N/A       13%         4
 Cause Fear               Hex            21%        N/A       14%         4
 Frozen Ramparts          Ice            32%        1d5       16%         3
 Spider Form              Tmut/Pois      16%        N/A       16%         3
 Dispel Undead            Necr           16%        3d10      47%         4
 Ice Form                 Ice/Tmut       16%        N/A       47%         4
 Summon Ice Beast         Ice/Summ       16%        N/A       47%         4
 Discord                  Hex            21%        N/A       100%        8


Dungeon Overview and Level Annotations

Branches:
Dungeon (9/15)             Temple (1/1) D:5            Lair (0/6) D:8
 Bailey (1/1)
    Orc: D:9-12

Altars:
Ashenzari
Cheibriados
Dithmenos
Elyvilon
Fedhas
Gozag
Hepliaklqana
Kikubaaqudgha
Makhleb
Nemelex Xobeh
Okawaru
Qazlal
Ru
Sif Muna
Trog
Uskayaw
Vehumet
Wu Jian
Xom
Yredelemnul
Zin
The Shining One

Shops:
D:2 [


Message History

Your orc hits the orc warrior with a +0 hand axe.
The orc hits your orc with a +0 trident!
Your orc dies!
Your orc's corpse dissolves into shadows!
Your orc closely misses the orc knight.
Your orc hits the orc warrior but does no damage.
Your orc priest miscasts a cantrip.
The orc hits your orc with a +0 trident!
Your orc dies!
Your orc's corpse dissolves into shadows!
Your orc warrior hits the orc warrior with a +0 short sword!
The orc warrior dies!
Casting: Scorch (safe; 1% risk of failure)
Confirm with . or Enter, or press ? or * to list all spells.
Flames lash the orc warrior.
The orc warrior is heavily wounded.
The orc warrior's fire resistance burns away.
Your orc priest looks encouraged for a moment.
The orc warrior hits your orc with a +0 spear!
Your orc dies!
Your orc's corpse dissolves into shadows!
The orc warrior hits you from afar with a +3 glaive!
* * * LOW HITPOINT WARNING * * *
Your orc completely misses the orc knight.
The orc knight hits your orc with a +0 trident!!
Your orc dies!
Your orc's corpse dissolves into shadows! [a] - 290 gold - resistance [b] - 242 gold - curing and magic [c] - 336 gold - haste and brilliance Purchase which effect?
You feel yourself speed up.
You feel clever all of a sudden.
Your orc priest calls upon Beogh to heal your orc warrior.
Your orc warrior's wounds heal themselves!
The orc warrior hits your orc warrior but does no damage.
The orc warrior hits you from afar with a +3 glaive!!
Ouch! That really hurt!
You die...
Your body crumbles into a pile of gold.

#.......#
#.......#
#.$$o...#
#..#o#..#
#.$.o.o.#
#.$...#
##oo'##
#.....#
#..@..#
#.....#
#.....#
#.....#
##'''##
##.....##
#.......#
#.......#
#..#.#..#


You could see an orc knight (ally target), 2 orc warriors, an orc (strong), a
friendly orc warrior (summoned) and a friendly orc priest (summoned).

Vanquished Creatures
  Maurice (D:8)
  Sigmund (D:2)
  2 yaks (D:9)
  2 steam dragons (D:8)
  4 water moccasins
  A black bear (D:6)
  4 orc warriors
  A hornet zombie (D:7)
  2 ice beasts
  2 sky beasts
  A necrophage (D:4)
  2 ogres
  2 centaurs
  2 phantoms (D:6)
  8 bullfrogs
  7 scorpions
  A water moccasin skeleton (D:6)
  4 killer bees (D:9)
  6 wights
  A howler monkey (D:8)
  A crimson imp (D:7)
  A centaur zombie (D:5)
  3 hounds
  A jelly (D:5)
  2 bullfrog skeletons
  2 gnoll shamans (D:6)
  5 orc priests
  A bullfrog zombie (D:5)
  Jessica (D:2)
  2 iguanas
  8 orc wizards
  Terence (D:1)
  3 killer bee zombies
  13 gnolls
  3 adders
  2 white imps
  An ufetubus (D:5)
  An adder zombie (D:2)
  4 dart slugs
  2 worms
  The ghost of Placeboclown the Sneak, a weakling SpDe (D:5)
  51 orcs
  6 bats
  A bat zombie (D:2)
  8 endoplasms
  4 giant cockroaches
  13 goblins
  6 hobgoblins
  4 jackals (D:1)
  4 quokkas
  2 ball pythons
  A ball python zombie (D:2)
  A frilled lizard (D:2)
  A jackal skeleton (D:2)
  5 kobolds
  5 rats
224 creatures vanquished.

Vanquished Creatures (collateral kills)
  An orc warrior (Bailey)
  2 foxfires
3 creatures vanquished.

Vanquished Creatures (others)
  1038 foxfires
  51 fungi (D:8)
  43 plants (D:8)
1132 creatures vanquished.

Grand Total: 1359 creatures vanquished

Notes
Turn   | Place    | Note
-------+----------+-------------------------------------------
     0 | D:1      | Descartes the Deep Elf Fire Elementalist began the quest
                  | for the Orb.
     0 | D:1      | Reached XP level 1. HP: 10/10 MP: 6/6
   359 | D:1      | Reached XP level 2. HP: 15/15 MP: 4/8
   710 | D:1      | Learned a level 2 spell: Scorch
   769 | D:1      | Reached skill level 1 in Hexes
  1083 | D:1      | Reached skill level 2 in Conjurations
  1481 | D:2      | Reached XP level 3. HP: 19/19 MP: 4/9
  1540 | D:2      | Noticed Jessica
  1541 | D:2      | Noticed Terence
  1565 | D:1      | Killed Terence
  1566 | D:1      | Reached skill level 1 in Earth Magic
  1609 | D:2      | Killed Jessica
  1610 | D:2      | Reached XP level 4. HP: 22/24 MP: 5/11
  1952 | D:2      | Found Jycaes's Antique Armour Emporium.
  1958 | D:2      | Noticed Sigmund
  1967 | D:2      | Killed Sigmund
  1968 | D:2      | Reached skill level 3 in Conjurations
  1968 | D:2      | Reached XP level 5. HP: 28/28 MP: 2/13
  2061 | D:2      | You fall into a shaft and drop 1 floor!
  2184 | D:3      | Learned a level 4 spell: Sticky Flame
  2189 | D:3      | Learned a level 4 spell: Flame Wave
  2360 | D:2      | Reached XP level 6. HP: 32/32 MP: 10/14
  2675 | D:2      | Found a faded altar of an unknown god.
  4157 | D:4      | Reached skill level 4 in Conjurations
  4510 | D:4      | Learned a level 3 spell: Stone Arrow
  4524 | D:4      | Reached XP level 7. HP: 36/36 MP: 7/15
  5001 | D:4      | Found a basalt altar of Yredelemnul.
  5061 | D:4      | Reached skill level 5 in Spellcasting
  5279 | D:4      | Reached skill level 5 in Conjurations
  5514 | D:5      | Entered Level 5 of the Dungeon
  5543 | D:5      | Reached skill level 5 in Fire Magic
  5670 | D:5      | Reached XP level 8. HP: 41/41 MP: 8/18
  5818 | D:5      | Reached skill level 5 in Dodging
  5822 | D:5      | Reached skill level 6 in Conjurations
  6279 | D:5      | Found a staircase to the Ecumenical Temple.
  6285 | Temple   | Entered the Ecumenical Temple
  6628 | Temple   | Became a worshipper of Gozag Ym Sagoz the Greedy
  6663 | D:5      | Found a runed translucent door.
  6667 | D:5      | Noticed Placeboclown's ghost (weakling SpDe)
  6679 | D:5      | Killed Placeboclown's ghost
  6755 | D:5      | Found a runed translucent door.
  7301 | D:6      | Reached skill level 7 in Conjurations
  7438 | D:6      | Found a burning altar of Makhleb.
  8126 | D:6      | Reached XP level 9. HP: 40/45 MP: 15/21
  8246 | D:6      | Found a bloodstained altar of Trog.
  8426 | D:6      | Reached skill level 5 in Earth Magic
  9553 | D:7      | Learned a level 8 spell: Lehudib's Crystal Spear
  9936 | D:7      | Reached skill level 8 in Conjurations
 10441 | D:8      | Noticed Maurice
 10464 | D:8      | Killed Maurice
 11056 | D:8      | Reached skill level 9 in Conjurations
 11319 | D:7      | Reached XP level 10. HP: 46/49 MP: 17/24
 12036 | D:8      | Found a staircase to the Lair.
 12725 | D:9      | Reached skill level 1 in Evocations
 12731 | D:9      | Found a flagged portal.
 12740 | Bailey   | Entered a bailey
 13206 | Bailey   | Noticed an orc knight
 13221 | Bailey   | Demolished by an orc warrior

Illustrated notes

Levels and vault maps discovered:
D:1:      nicolae_arrival_memento_mori, layout_loops_corners
D:2:      layout_rooms, shapermc_ecumenical_altar_hornbeckon, serial_undead,
          serial_undead_b, serial_undead_c, serial_undead_b, serial_undead_e,
          serial_shops, nicolae_shop_waterfront, minmay_close_crescents,
          uniq_jessica, uniq_terence, uniq_sigmund
D:3:      layout_basic
D:4:      layout_rooms, yredelemnul_altar_generic
D:5:      layout_basic, minmay_temple_entry_hall, ebering_ghost_sewer_f,
          minmay_bent
D:6:      layout_loops_corners, hangedman_feature_mirror,
          wad_floor_pattern_untrapped, nicolae_figureground_sparkle
D:7:      layout_loops_ring, minmay_fire_ice_demons
D:8:      layout_basic, due_lair_maze_entry_diamond, uniq_maurice
D:9:      layout_cave_pools, enter_bailey_3
Temple:   mainiacjoe_temple_circle_huts
Bailey:   bailey_polearm_5, bailey

Skill      XL: |  1  2  3  4  5  6  7  8  9 10 |
---------------+-------------------------------+-----
Hexes          | 1 2 3 |  3.2
Conjurations   | 2 3 4 5 7 9 |  9.9
Dodging        | 3 4 6 7 |  7.9
Earth Magic    | 1 2 3 4 6 |  6.6
Spellcasting   | 4 5 6 8 |  8.6
Fire Magic     | 4 5 6 7 |  7.5
Evocations     | 1 |  1.1
Stealth        | |  2.4
Shields        | |  0.9

Action                   |  1- 3 |  4- 6 |  7- 9 | 10-12 || total
-------------------------+-------+-------+-------+-------++-------
Melee: Unarmed           |     2 |     3 |       |       ||     5
       Spear             |       |       |     2 |       ||     2
 Cast: Foxfire           |    57 |   117 |   335 |   115 ||   624
       Scorch            |     7 |    11 |    42 |    27 ||    87
       Flame Wave        |       |     1 |     3 |     3 ||     7
       Sticky Flame      |       |     1 |       |       ||     1
       Stone Arrow       |       |       |     2 |       ||     2
Invok: Potion Petition   |       |       |       |     1 ||     1
  Use: Potion            |       |     2 |       |       ||     2
       Scroll            |       |       |       |    11 ||    11
Armor: Robe              |     1 |     7 |    20 |     6 ||    34
Dodge: Dodged            |    24 |    28 |    71 |    33 ||   156
